 Dungeon Crawl Stone Soup version 0.21.1-1-g345015f (webtiles) character file.

33 RudyRod the Skirmisher (level 3, -3/33 HPs)
             Began as a Ghoul Monk on May 17, 2018.
             Was an Initiate of Gozag.
             Slain by a worm (10 damage)
             ... on level 2 of the Dungeon.
             The game lasted 00:03:11 (826 turns).

RudyRod the Skirmisher (Ghoul Monk)                  Turns: 826, Time: 00:03:11

Health: -3/33      AC:  2    Str: 15    XL:     3   Next: 29%
Magic:  2/2        EV: 13    Int:  5    God:    Gozag
Gold:   132        SH:  0    Dex: 11    Spells: 2/2 levels left

rFire    . . .     SeeInvis .   a - +0 mace
rCold    + . .     Gourm    .   (no shield)
rNeg     + + +     Faith    .   b - +0 robe
rPois    ∞         Spirit   .   (no helmet)
rElec    .         Reflect  .   (no cloak)
rCorr    .         Harm     .   (no gloves)
MR       .....                  (no boots)
Stlth    ++........             h - amulet of inaccuracy (curse)
HPRegen  0.00/turn              (no ring)
MPRegen  0.08/turn              (no ring)

@: gold aura, rotting
A: rotting body, claws 1, carnivore, cold resistance 1, negative energy
resistance 3, inhibited regeneration, torment resistance, unbreathing
a: Potion Petition, Call Merchant, Bribe Branch, Renounce Religion


You were on level 2 of the Dungeon.
You worshipped Gozag.
Gozag was aware of your devotion.
You were not hungry.

You visited 1 branch of the dungeon, and saw 2 of its levels.

You collected 132 gold pieces.

Inventory:

Hand Weapons
 a - a +0 mace (weapon)
Armour
 b - a +0 robe (worn)
 k - a +0 pair of gloves
Jewellery
 h - a cursed amulet of inaccuracy (around neck)
 j - an uncursed ring of protection from cold {unknown}
Potions
 e - a potion of magic {unknown}
 f - a potion of heal wounds
 g - a potion of curing {unknown}
Comestibles
 c - 3 rations
 d - a chunk of flesh


   Skills:
 + Level 3.7 Fighting
 + Level 3.1 Maces & Flails
 + Level 3.1 Dodging
 + Level 2.5 Stealth


You had 2 spell levels left.
You didn't know any spells.

Dungeon Overview and Level Annotations

Branches:
Dungeon (2/15)

Altars:
Gozag


Innate Abilities, Weirdness & Mutations

Your body is rotting away.
You thrive on raw meat.
You are immune to poison.
You have sharp fingernails.
You are carnivorous and can eat meat at any time.
Your flesh is cold resistant. (rC+)
You are immune to negative energy. (rN+++)
You do not regenerate when monsters are visible.
You are immune to unholy pain and torment.
You can survive without breathing.


Message History

You miss the leopard gecko. The leopard gecko bites you.
You sock the leopard gecko!
You kill the leopard gecko!
You miss the rat. The rat bites you.
* * * LOW HITPOINT WARNING * * *
You closely miss the rat. The rat closely misses you.
You hit the rat but do no damage. The rat barely misses you.
The rat closely misses you.
You barely miss the rat. The rat bites you.
* * * LOW HITPOINT WARNING * * *
You closely miss the rat. The rat closely misses you.
You hit the rat.
You kill the rat!
The worm bites you but does no damage.
You see here 11 gold pieces.
You sock the worm!
The worm is heavily wounded.
The worm bites you!
You die...
Your body crumbles into a pile of gold.

##...'_'....#
#.###'###..# #.#
#.# # #.###.###.#
####.# #.........#
......
####..######.b..#.
#.## #.l...... #.#
#........ #@#
#........
#w#####.......#
#..$rw..[......
#######..).w..#
#########


You could see a worm.

Vanquished Creatures
  An ooze (D:1)
  A dart slug (D:2)
  2 leopard geckos
  5 bats
  A giant cockroach (D:1)
  4 hobgoblins
  2 kobolds (D:1)
  A ball python (D:1)
  4 frilled lizards
  5 rats
26 creatures vanquished.

Notes
Turn   | Place    | Note
-------+----------+-------------------------------------------
     0 | D:1      | RudyRod the Ghoul Monk began the quest for the Orb.
     0 | D:1      | Reached XP level 1. HP: 19/19 MP: 0/0
    65 | D:1      | Reached XP level 2. HP: 24/26 MP: 1/1
   614 | D:2      | Reached XP level 3. HP: 33/33 MP: 2/2
   735 | D:2      | Found an opulent altar of Gozag.
   748 | D:2      | Became a worshipper of Gozag Ym Sagoz the Greedy
   826 | D:2      | Slain by a worm

Skill      XL: |  1  2 |
---------------+-------+-----
Dodging        | 3 |  3.1
Maces & Flails | 3 |  3.1
Fighting       | |  3.7
Stealth        | |  2.5

Action                   || total
-------------------------++-------
Melee: Mace              ||   139
  Use: Scroll            ||     1
       Potion            ||     2
 Stab: Sleeping          ||     4
  Eat: Chunk             ||     3
Armor: Robe              ||    29
Dodge: Dodged            ||   131
